 Dungeon Crawl Stone Soup version 0.22.0 (webtiles) character file.

142 Lew the Shield-Bearer (level 5, -12/47 HPs)
             Began as a Minotaur Fighter on Aug 11, 2018.
             Was an Initiate of Makhleb.
             Mangled by an orc warrior
             ... wielding a +0 hand axe
              (15 damage)
             ... on level 3 of the Dungeon.
             The game lasted 00:05:03 (1853 turns).

Lew the Shield-Bearer (Minotaur Fighter)            Turns: 1853, Time: 00:05:03

Health: -12/47     AC:  7    Str: 21    XL:     5   Next: 3%
Magic:  4/4        EV:  9    Int:  5    God:    Makhleb [......]
Gold:   123        SH:  4    Dex: 10    Spells: 4/4 levels left

rFire    . . .     SeeInvis .   a - +0 war axe
rCold    . . .     Gourm    .   e - +0 buckler
rNeg     . . .     Faith    .   b - +0 scale mail
rPois    .         Spirit   .   (helmet restricted)
rElec    .         Reflect  .   (no cloak)
rCorr    .         Harm     .   (no gloves)
MR       .....                  (no boots)
Stlth    ..........             (no amulet)
HPRegen  0.15/turn              (no ring)
MPRegen  0.09/turn              (no ring)

@: no status effects
A: retaliatory headbutt, horns 2
a: Renounce Religion


You were on level 3 of the Dungeon.
You worshipped Makhleb.
Makhleb was noncommittal.
You were not hungry.

You visited 1 branch of the dungeon, and saw 3 of its levels.

You collected 123 gold pieces.

Inventory:

Hand Weapons
 a - a +0 war axe (weapon)
Missiles
 k - 5 tomahawks (quivered)
Armour
 b - a +0 scale mail (worn)
 c - a +0 shield
 e - a +0 buckler (worn)
 h - a +0 chain mail
Scrolls
 i - a scroll of magic mapping {unknown}
 l - a scroll of enchant weapon {unknown}
Potions
 d - a potion of might
 g - a potion of agility {unknown}
 j - a potion of cancellation {unknown}
Comestibles
 f - 3 rations


   Skills:
 + Level 4.4 Fighting
 * Level 4.4 Axes
 + Level 4.4 Armour
 + Level 4.5 Shields


You had 4 spell levels left.
You didn't know any spells.
Your spell library was empty.

Dungeon Overview and Level Annotations

Branches:
Dungeon (3/15)

Altars:
Makhleb


Innate Abilities, Weirdness & Mutations

You reflexively headbutt those who attack you in melee.
You have a pair of horns on your head.


Message History

You block the orc warrior's attack.
You slash the orc!
You kill the orc!
Makhleb accepts your kill.
The orc warrior hits you with a hand axe.
You barely miss the orc warrior. You headbutt the orc warrior.
The orc warrior is lightly wounded.
The orc warrior hits you with a hand axe.
You hit the orc warrior.
The orc warrior is lightly wounded.
The orc warrior hits you with a hand axe.
Unknown command.
You hit the orc warrior but do no damage.
The orc warrior is lightly wounded.
The orc warrior hits you with a hand axe!
* * * LOW HITPOINT WARNING * * *
You closely miss the orc warrior.
The orc warrior is lightly wounded.
The orc warrior hits you with a hand axe!
You die...

...... ......
.>... #...#
#...# #...#
#######r..#
##....@og..#
.....####og.#
##......#†..##
#....g......#
..o.#..or...#
. #....##.#
....... ..#
......... ##
...?#.#.....


You could see an orc warrior, an orc, a hobgoblin, a goblin and a rat.

Vanquished Creatures
  A hound (D:2)
  4 adders
  3 worms (D:2)
  5 dart slugs
  A leopard gecko (D:1)
  2 orcs (D:3)
  A ball python (D:2)
  4 giant cockroaches
  7 goblins
  6 hobgoblins
  2 jackals (D:2)
  6 kobolds
  5 bats
  4 frilled lizards (D:2)
  A rat (D:1)
52 creatures vanquished.

Notes
Turn   | Place    | Note
-------+----------+-------------------------------------------
     0 | D:1      | Lew the Minotaur Fighter began the quest for the Orb.
     0 | D:1      | Reached XP level 1. HP: 19/19 MP: 0/0
   118 | D:1      | Reached XP level 2. HP: 27/27 MP: 1/1
   970 | D:2      | Reached XP level 3. HP: 33/33 MP: 2/2
  1292 | D:2      | Reached XP level 4. HP: 38/40 MP: 3/3
  1311 | D:2      | Found a burning altar of Makhleb.
  1392 | D:2      | Became a worshipper of Makhleb the Destroyer
  1480 | D:2      | Found a faded altar of an unknown god.
  1838 | D:3      | Noticed an orc warrior
  1846 | D:3      | Reached XP level 5. HP: 36/47 MP: 4/4
  1853 | D:3      | Mangled by an orc warrior

Skill      XL: |  1  2  3 |
---------------+----------+-----
Axes           | 3 4 |  4.4
Shields        | 4 |  4.5
Fighting       | 4 |  4.4
Armour         | 4 |  4.4

Action                   |  1- 3 |  4- 6 || total
-------------------------+-------+-------++-------
Melee: War axe           |    76 |    41 ||   117
       Headbutt          |     8 |     4 ||    12
Throw: Tomahawk          |       |     5 ||     5
  Eat: Chunk             |     1 |     2 ||     3
Armor: Scale mail        |    34 |    12 ||    46
Dodge: Dodged            |    34 |    26 ||    60
Block: Shield            |     6 |       ||     6
       Buckler           |    12 |     8 ||    20
